 Dungeon Sprint DCSS version 0.28-a0-1616-g050a50673c (webtiles) character file.

Game seed: 4871682814525104272

139 mhtbhm the Grappler (level 5, -1/52 HPs)
             Began as a Ghoul Berserker on Jan 22, 2022.
             Was a Priest of Trog.
             Slain by a sky beast (5 damage)
             ... in the Dungeon (Sprint IX: "|||||||||||||||||||||||||||||").
             The game lasted 00:00:19 (73 turns).

mhtbhm the Grappler (Ghoul Berserker)                 Turns: 73, Time: 00:00:19

Health: -1/52      AC: -1    Str: 22    XL:     5   Next: 22%
Magic:  4/4        EV: 12    Int:  3    God:    Trog [***...]
Gold:   0          SH:  0    Dex:  8    Spells: 4/4 levels left

rFire   . . .      SeeInvis .     - Unarmed
rCold   + . .      Faith    .   (no shield)
rNeg    + + +      Spirit   .   a - +0 animal skin
rPois   ∞          Reflect  .   (no helmet)
rElec   .          Harm     .   (no cloak)
rCorr   .          Rampage  .   (no gloves)
Will    ++...      NoTele   +   (no boots)
Stlth   +.........              (no amulet)
HPRegen 1.00/turn               (no ring)
MPRegen 0.09/turn               (no ring)

@: strong-willed, corroded, regenerating, hasted, very quick
A: claws 1, cold resistance 1, negative energy resistance 3, inhibited
regeneration, torment resistance 2
a: Renounce Religion, Trog's Hand


You were in the Dungeon.
You worshipped Trog.
Trog was most pleased with you.
You visited 1 branch

Inventory:

Armour
 a - a +0 animal skin (worn)
Scrolls
 f - a scroll of blinking
Potions
 b - a potion of curing
 c - a potion of heal wounds
 e - 2 potions of magic


   Skills:
 + Level 7.1 Fighting
 + Level 3.3 Armour
 + Level 3.5 Dodging
 + Level 8.0 Unarmed Combat


You had 4 spell levels left.
You didn't know any spells.
Your spell library was empty.

Dungeon Overview and Level Annotations

Branches:
Dungeon (1/1)

Altars:


Innate Abilities, Weirdness & Mutations

You thrive by killing the living.
You are immune to poison.
You have sharp fingernails.
Your flesh is cold resistant. (rC+)
You are immune to negative energy. (rN+++)
You do not regenerate when monsters are visible.
You are immune to unholy pain and torment.


Message History

You scratch the phantom.
The phantom is heavily damaged.
The phantom misses you.
You claw the phantom!
The phantom is almost destroyed.
You claw the phantom!
You destroy the phantom!
Trog accepts your kill.
The jelly jiggles.
Your Fighting skill increases to level 6!
Your Armour skill increases to level 3!
Your Dodging skill increases to level 3!
Your Unarmed Combat skill gained 2 levels and is now at level 7!
You have reached level 4!
Unknown command.
You claw the jelly! The acid corrodes you!
Your claws burn!
The jelly is severely wounded.
The jelly hits you.
You are splashed with acid!
You scratch the jelly.
Your claws burn!
* * * LOW HITPOINT WARNING * * *
The jelly is almost dead.
You barely miss the jelly. You claw the jelly.
You kill the jelly!
Trog accepts your kill.
You feel better.
Your Fighting skill increases to level 7!
Your Unarmed Combat skill increases to level 8!
You have reached level 5!
You feel stronger.
Unknown command.
Something hits you.
* * * LOW HITPOINT WARNING * * *
Something shocks you.
* * * LOW HITPOINT WARNING * * *
There is an open door here.
You see here a hound corpse.
You miss something. Something hits you.
* * * LOW HITPOINT WARNING * * *
Something shocks you.
You die...

▓+▓
▓.▓
▓.▓
▓≈▓
▓g▓
▓{▓
▓@▓
▓.▓
▓.▓
▓.▓
▓.▓
▓†▓
▓'▓
▓.▓
▓.▓


You could see a gnoll shaman.

Vanquished Creatures
  A phantom (D)
  A jelly (D)
  A hound (D)
  2 hobgoblins (D)
  A jackal (D)
  2 bats (D)
8 creatures vanquished.

Notes
Turn   | Place    | Note
-------+----------+-------------------------------------------
     0 | D        | mhtbhm the Ghoul Berserker began the quest for the Orb.
     0 | D        | Reached XP level 1. HP: 19/19 MP: 0/0
    10 | D        | Reached ** piety under Trog
    16 | D        | Reached skill level 4 in Unarmed Combat
    38 | D        | Noticed a gnoll shaman
    38 | D        | Noticed a sky beast
    38 | D        | Noticed a jelly
    38 | D        | Noticed a phantom
    38 | D        | Noticed a hound
    49 | D        | Killed a hound
    50 | D        | Reached skill level 5 in Fighting
    50 | D        | Reached skill level 5 in Unarmed Combat
    50 | D        | Reached XP level 2. HP: 22/29 MP: 1/1
    50 | D        | Reached XP level 3. HP: 27/36 MP: 2/2
    68 | D        | Killed a phantom
    68 | D        | Reached *** piety under Trog
    69 | D        | Reached skill level 7 in Unarmed Combat
    69 | D        | Reached XP level 4. HP: 29/45 MP: 3/3
    72 | D        | Reached skill level 8 in Unarmed Combat
    72 | D        | Reached XP level 5. HP: 16/52 MP: 4/4
    73 | D        | Slain by a sky beast

Illustrated notes

Levels and vault maps discovered:
D:        linesprint [early_d, line_temple, items_1, d_10, items_2, lair_1,
          lair_end, items_3, orc_1, orc_end, items_4, d_15, swamp_1, shoals_1,
          snake_1, spider_1, d_20, vaults_1, items_5, swamp_end, shoals_end,
          snake_end, spider_end, vaults_end, d_27, items_6, zot_1, zot_end,
          crypt_end, forest_end, elf_end, slime_end, tomb_end, abyss_end,
          pan_hell_end]

Skill      XL: |  1  2  3  4 |
---------------+-------------+-----
Dodging        | 2 3 |  3.5
Fighting       | 5 6 7 |  7.1
Armour         | 2 3 |  3.3
Unarmed Combat | 5 7 8 |  8.0

Action                   |  1- 3 |  4- 6 || total
-------------------------+-------+-------++-------
Melee: Unarmed           |    42 |     4 ||    46
       Punch             |     3 |     1 ||     4
Invok: Trog's Hand       |     1 |       ||     1
  Use: Potion            |     1 |       ||     1
Armor: Animal skin       |     3 |       ||     3
Dodge: Dodged            |    27 |       ||    27

Table legend: (Time is in decaauts)
 A = Elapsed time spent in this place.
 B = Non-inter-level travel time spent in this place.
 C = Inter-level travel time spent in this place.
 D = Time resting spent in this place.
 E = Time spent auto-exploring this place.
 F = Levels seen in this place.
 G = Mean time per level.
                   A        B        C        D        E       F      G
               +--------+--------+--------+--------+--------+-----+--------+
         Total |     58 |     58 |      0 |     14 |      0 |   1 |   58.0 |
       Dungeon |     58 |     58 |      0 |     14 |      0 |   1 |   58.0 |
               +--------+--------+--------+--------+--------+-----+--------+

Top non-repeatable levels by time:
       D: 58 daAuts
